cohdb
Replays
Latest Replays
All Replays
Popular Replays
Top Player Replays
Match Explorer
How It Works
Community
CoH3 Stats
Reddit
Sign in to upload your games and track your stats! →
Sign in with Steam
Match 40962224
Unlisted
Match 40962224
Overview
Messages
Build Orders
End
Construct Section Command Post
Infantry Section
Infantry Section
Infantry Section
Infantry Section
Construct Field Infirmary
Construct Platoon Command Post
6-pounder Anti-tank Gun Team
Selects Indian Artillery Battlegroup
Selects Valour
Selects Gurkha Rifles Section
Humber Armored Car
Selects Volunteer Infantry
Gurkha Rifles Section
Infantry Training
Selects Artillery Saturation
Wolfe
xizi20
0
0
Comments
sign in to comment!
No comments posted yet!